 Dungeon Crawl Stone Soup version 0.29.1-12-g30fa7ad0bf (webtiles) character file.

Game seed: 8492388425261548903

1617 xian the Chopper (level 8, -3/62 HPs)
             Began as a Demonspawn Wanderer on Dec 22, 2022.
             Was a Believer of Qazlal.
             Slain by an orc warrior
             ... wielding a +0 glaive
              (6 damage)
             ... on level 7 of the Dungeon.
             The game lasted 00:16:47 (6636 turns).

xian the Chopper (Demonspawn Wanderer)              Turns: 6636, Time: 00:16:48

Health: -3/62      AC: 12    Str: 17    XL:     8   Next: 64%
Magic:  9/9        EV:  7    Int: 11    God:    Qazlal [**....]
Gold:   413        SH:  3    Dex: 13    Spells: 8/9 levels left

rFire   . . .      SeeInvis .   g - +0 war axe (venom)
rCold   . . .      Faith    .   (no shield)
rNeg    . . .      Spirit   .   l - +0 plate armour
rPois   .          Reflect  .   j - +0 helmet
rElec   .          Harm     .   (no cloak)
rCorr   .          Rampage  .   (no gloves)
Will    .....                   (no boots)
Stlth   ..........              (no amulet)
HPRegen 0.20/turn               (no ring)
MPRegen 0.11/turn               (no ring)

@: no status effects
A: repulsion field 1, ignite blood 1, spiny 2
a: Renounce Religion, Upheaval


You were on level 7 of the Dungeon.
You worshipped Qazlal.
Qazlal was pleased with you.
You visited 2 branches of the dungeon, and saw 8 of its levels.
You also visited: Sewer.

You collected 413 gold pieces.

Inventory:

Hand Weapons
 g - a +0 war axe of venom (weapon)
Missiles
 f - 14 poisoned darts (quivered)
 o - 10 boomerangs
 E - 2 curare-tipped darts
Armour
 j - a +0 helmet (worn)
 l - a +0 plate armour (worn)
Jewellery
 s - a ring of ice
 z - an amulet of magic regeneration
 C - a ring of see invisible
 F - a +4 ring of evasion
Wands
 e - a wand of flame (19)
 m - a wand of paralysis (15)
Scrolls
 a - a scroll of butterflies
 b - 2 scrolls of silence
 d - 3 scrolls of teleportation
 i - 2 scrolls of torment
 p - a scroll of vulnerability
 t - a scroll of blinking
 u - 2 scrolls of enchant armour
 v - a scroll of enchant weapon
 y - 2 scrolls of immolation {unknown}
 A - a scroll of amnesia
 B - 2 scrolls of magic mapping
 D - a scroll of brand weapon
Potions
 c - 2 potions of heal wounds
 h - 6 potions of flight
 k - 2 potions of curing
 n - 3 potions of haste {unknown}
 q - a potion of brilliance {unknown}
 r - a potion of invisibility {unknown}
 w - a potion of magic {unknown}
 x - a potion of mutation


   Skills:
 + Level 5.3 Fighting
 + Level 7.1 Axes
 + Level 0.6(4.4) Maces & Flails
 + Level 0.7 Throwing
 + Level 4.0 Armour
 + Level 1.2 Dodging
 + Level 0.2 Stealth
 + Level 1.7 Shields
 + Level 1.0 Spellcasting
 + Level 1.8 Translocations
 + Level 4.4 Evocations


You had 8 spell levels left.
You knew the following spells:

 Your Spells              Type           Power      Damage    Failure   Level
a - Apportation           Tloc           8%         N/A       100%        1

Your spell library contained the following spells:

 Spells                   Type           Power      Damage    Failure   Level
 Foxfire                  Conj/Fire      0%         2x1d4     100%        1
 Blink                    Tloc           8%         N/A       100%        2
 Static Discharge         Conj/Air       0%         3-3/arc   100%        2
 Conjure Flame            Conj/Fire      0%         6-21      100%        3
 Gell's Gravitas          Tloc           4%         N/A       100%        3
 Inner Flame              Hex/Fire       0%         N/A       100%        3
 Lesser Beckoning         Tloc           4%         N/A       100%        3
 Dispel Undead            Necr           0%         3d6       100%        4
 Flame Wave               Conj/Fire      0%         2d4       100%        4
 Sticky Flame             Conj/Fire      0%         2d3       100%        4
 Manifold Assault         Tloc           4%         N/A       100%        5


Dungeon Overview and Level Annotations

Branches:
Dungeon (7/15)             Temple (1/1) D:5           Sewer (visited)

Altars:
Ashenzari
Cheibriados
Gozag
Hepliaklqana
Kikubaaqudgha
Makhleb
Nemelex Xobeh
Okawaru
Qazlal
Sif Muna
Trog
Uskayaw
Wu Jian
Xom
Yredelemnul

Shops:
D:4 (


Innate Abilities, Weirdness & Mutations

You are surrounded by a mild repulsion field. (EV +2)
Your demonic aura sometimes causes spilled blood to erupt in flames.
You are mostly covered in sharp spines.


Message History

Your Axes skill increases to level 7!
The sky beast hits you. The sky beast shocks you.
You see here a +0 giant club.
Unknown command.
You completely miss the sky beast. The sky beast is struck by your spines.
The sky beast barely misses you.
You hit the sky beast.
The sky beast is poisoned.
The sky beast is moderately wounded.
The sky beast hits you but does no damage.
The sky beast barely misses you.
You slash the sky beast!
The sky beast looks as sick as possible!
The sky beast is severely wounded.
The sentinel's mark upon you fades away.
The orc warrior hits you from afar with a +0 glaive!
The sky beast is struck by your spines.
You kill the sky beast!
Qazlal accepts your kill. You block the orc warrior's attack.
The orc wizard hits you but does no damage.
You slash the orc warrior!
The orc warrior looks as sick as possible!
The orc warrior is moderately wounded.
You hit the orc wizard.
The orc wizard is poisoned.
The orc wizard is engulfed in blazing flames.
You kill the orc wizard!
Qazlal accepts your kill.
The orc warrior is struck by your spines.
The orc warrior hits you with a +0 glaive!!
* * * LOW HITPOINT WARNING * * *
Your Armour skill increases to level 4!
You hit the orc warrior.
The orc warrior looks as sick as possible!
The orc warrior is heavily wounded.
The orc warrior hits you with a +0 glaive!
* * * LOW HITPOINT WARNING * * *
You hit the orc warrior but do no damage.
The orc warrior is severely wounded.
The orc warrior hits you with a +0 glaive.
You die...

#. #.# #..
# #..## .#
.... ..
.o##.#.#
#o°....#
#@# # #)#
#.#####)#
..#.....))#
.......)###
###.###.#
.. #<# #
#.# #.#


You could see an orc warrior (extremely poisoned) and an orc.

Vanquished Creatures
  2 sky beasts
  2 ogres
  A phantom (D:4)
  A bullfrog (D:6)
  4 scorpions
  A necrophage (D:6)
  2 jellies
  3 orc priests
  2 hounds
  4 iguanas
  6 orc wizards
  Robin (D:2)
  4 gnolls (D:6)
  8 adders
  4 river rats (Sewer)
  2 white imps
  An adder skeleton (D:3)
  2 adder zombies (D:3)
  4 worms
  2 dart slugs
  21 orcs
  12 bats
  10 endoplasms
  9 giant cockroaches
  12 goblins
  10 hobgoblins
  12 jackals
  4 kobolds
  4 quokkas
  16 ball pythons
  2 frilled lizards (Sewer)
  8 rats
176 creatures vanquished.

Vanquished Creatures (others)
  2 withered plants (D:3)
2 creatures vanquished.

Grand Total: 178 creatures vanquished

Notes
Turn   | Place    | Note
-------+----------+-------------------------------------------
     0 | D:1      | xian the Demonspawn Wanderer began the quest for the Orb.
     0 | D:1      | xian set off with the following items: a +0 club, a scroll
                  | of silence, a potion of heal wounds, a +0 leather armour, a
                  | wand of flame (19); and the following spell memorised:
                  | Apportation; and the following spells available to
                  | memorise: Gell's Gravitas.
     0 | D:1      | Reached XP level 1. HP: 18/18 MP: 2/2
   523 | D:1      | Gained mutation: You are surrounded by a mild repulsion
                  | field. (EV +2) [demonic ancestry]
   523 | D:1      | Reached XP level 2. HP: 23/24 MP: 3/3
   974 | D:2      | Noticed Robin
   984 | D:2      | Reached skill level 1 in Axes
   984 | D:2      | Reached XP level 3. HP: 11/29 MP: 4/4
   994 | D:2      | Killed Robin
  1043 | D:2      | HP: 1/29 [frozen (2)]
  2049 | D:3      | Reached skill level 2 in Axes
  2149 | D:3      | Gained mutation: You are partially covered in sharp spines.
                  | [demonic ancestry]
  2149 | D:3      | Reached XP level 4. HP: 35/35 MP: 5/5
  2320 | D:3      | Reached skill level 1 in Armour
  2762 | D:4      | Reached skill level 3 in Axes
  2767 | D:4      | Noticed a scorpion
  2773 | D:4      | Killed a scorpion
  2774 | D:4      | Reached XP level 5. HP: 41/41 MP: 6/6
  2871 | D:4      | Noticed a phantom
  2888 | D:4      | Killed a phantom
  2889 | D:4      | Reached skill level 4 in Axes
  2889 | D:4      | Reached XP level 6. HP: 29/47 MP: 7/7
  3416 | D:4      | Found a sparkling altar of Nemelex Xobeh.
  3678 | D:4      | Found Bytinn's Weapon Shoppe.
  4058 | D:5      | Entered Level 5 of the Dungeon
  4069 | D:5      | Found a staircase to the Ecumenical Temple.
  4077 | D:5      | Reached skill level 5 in Axes
  4077 | D:5      | Gained mutation: Your demonic aura sometimes causes spilled
                  | blood to erupt in flames. [demonic ancestry]
  4077 | D:5      | Reached XP level 7. HP: 42/53 MP: 8/8
  4204 | Temple   | Entered the Ecumenical Temple
  4256 | Temple   | Became a worshipper of Qazlal Stormbringer
  4400 | D:5      | Found a glowing drain.
  4405 | Sewer    | Entered a sewer
  4584 | Sewer    | Reached * piety under Qazlal
  5119 | D:5      | Reached skill level 1 in Dodging
  5135 | D:5      | Reached ** piety under Qazlal
  5160 | D:5      | Reached skill level 6 in Axes
  5603 | D:6      | Gained mutation: You are mostly covered in sharp spines.
                  | [demonic ancestry]
  5603 | D:6      | Reached XP level 8. HP: 61/61 MP: 9/9
  5750 | D:6      | Found a basalt altar of Yredelemnul.
  5750 | D:6      | Found a bloodstained altar of Trog.
  5807 | D:6      | Found an iron altar of Okawaru.
  5821 | D:6      | Reached skill level 1 in Shields
  6270 | D:6      | Reached skill level 5 in Fighting
  6597 | D:6      | Found a shimmering blue altar of Sif Muna.
  6629 | D:7      | Reached skill level 7 in Axes
  6635 | D:7      | HP: 3/62 [orc warrior/+0 glaive (8)]
  6636 | D:7      | Slain by an orc warrior

Illustrated notes

Levels and vault maps discovered:
D:1:      amcnicky_arrival_single_pillar, layout_basic
D:2:      layout_loops_ring, serial_glass, glass_columns_b, glass_columns_b,
          chequers_serial_rivers_large_a, uniq_robin
D:3:      layout_loops_ring, serial_undead, serial_undead_b, serial_undead_d,
          serial_undead_a, serial_undead_b
D:4:      layout_gridville, nemelex_spade_bored_becter, serial_shops,
          nicolae_shop_advertising_works [nicolae_subvault_shop_adworks],
          grunt_decor_one_mirror, chequers_serial_rivers_room_a
D:5:      layout_cave_pools, zin_statuary, minmay_temple_entry_junction,
          gup_sewer_entry_bowl, nicolae_kite_square_tiling_tiny
D:6:      layout_basic, nicolae_overflow_crystal_walls,
          mainiacjoe_overflow_divided_tiny, marbit_many_paths
D:7:      layout_basic, mainiacjoe_overflow_small_starburst,
          nicolae_overflow_hidden_temple, uniq_duvessa
Temple:   hellmonk_temple_of_storms

Skill      XL: |  1  2  3  4  5  6  7  8 |
---------------+-------------------------+-----
Axes           | 1 2 3 4 5 6 7 |  7.1
Armour         | 1 2 3 4 |  4.0
Fighting       | 4 5 |  5.3
Dodging        | 1 |  1.2
Shields        | 1 |  1.7
Maces & Flails | |  0.6
Throwing       | |  0.7
Stealth        | |  0.2
Spellcasting   | |  1.0
Translocations | |  1.8
Evocations     | |  4.4

Action                   |  1- 3 |  4- 6 |  7- 9 || total
-------------------------+-------+-------+-------++-------
Melee: War axe           |    93 |    98 |   136 ||   327
       Club              |    10 |       |       ||    10
       Punch             |     1 |     3 |     6 ||    10
Throw: Dart              |     1 |     4 |       ||     5
  Use: Potion            |     1 |       |       ||     1
       Scroll            |       |       |    12 ||    12
Armor: Chain mail        |    65 |       |       ||    65
       Leather armour    |     4 |       |       ||     4
       Plate armour      |    18 |    63 |    98 ||   179
Dodge: Dodged            |    67 |    42 |    51 ||   160
Block: Other             |       |       |    15 ||    15
